PAAA
PHOENIX HOTSPUR RESERVES @ BLOOMINGTON LONGNECKS
07/19/2021
 
TOP OF THE 1ST
Phoenix Hotspur Reserves batting - Pitching for Bloomington Longnecks : RHP Graham Wilson
Pitching: RHP Graham Wilson
Batting: SHB Roberto López 0-0: Foul Ball, location: 2F
0-1: Ball
1-1: Foul Ball, location: 2F
1-2: Foul Ball, location: 2F
1-2: Fly out, F6 (Popup, 6)
Batting: RHB Phil Terry 0-0: Ball
1-0: Fly out, F8 (Flyball, 8RM)
Batting: RHB Martín Martínez 0-0: Ball
1-0: Ball
2-0: Called Strike
2-1: Ball
3-1: Swinging Strike
3-2: Strikes out swinging
Top of the 1st over - 0 run(s), 0 hit(s), 0 error(s), 0 left on base; Phoenix 0 - Bloomington 0
BOTTOM OF THE 1ST
Bloomington Longnecks batting - Pitching for Phoenix Hotspur Reserves : RHP Jim Unknown
Pitching: RHP Jim Unknown
Batting: RHB Darrell Terwey 0-0: Bunt missed!
0-1: Ball
1-1: Ball
2-1: Ground out 6-3 (Groundball, 6)
Batting: LHB Ismael Dolit 0-0: Called Strike
0-1: SINGLE (Line Drive, 6MD)
Batting: RHB Cliff May 0-0: Ball
1-0: Fielders Choice at 2nd, 6-4 (Groundball, 6)
Batting: SHB Jared Jefferson 0-0: Ball
1-0: Called Strike
1-1: Swinging Strike
1-2: Strikes out swinging
Bottom of the 1st over - 0 run(s), 1 hit(s), 0 error(s), 1 left on base; Phoenix 0 - Bloomington 0
TOP OF THE 2ND
Phoenix Hotspur Reserves batting - Pitching for Bloomington Longnecks : RHP Graham Wilson
Batting: LHB Ricardo Miranda 0-0: Ball
1-0: Hit by Pitch
Batting: RHB António Ramos 0-0: Called Strike
0-1: Fly out, F9 (Flyball, 9S)
0-1: Fly out, F9 (Flyball, 9S)
Batting: LHB Dave Wynn 0-0: Swinging Strike
0-1: Fly out, F9 (Flyball, 8RS)
Batting: SHB Edgar Cantú 0-0: Ball
Ricardo Miranda is caught stealing 2nd base
Top of the 2nd over - 0 run(s), 0 hit(s), 0 error(s), 0 left on base; Phoenix 0 - Bloomington 0
BOTTOM OF THE 2ND
Bloomington Longnecks batting - Pitching for Phoenix Hotspur Reserves : RHP Jim Unknown
Batting: RHB Kyle Bridges 0-0: Ground out 1-3 (Groundball, 23)
Batting: RHB Lawrence Olsen 0-0: Called Strike
0-1: Fly out, F9 (Flyball, 89XD)
Batting: RHB Michael Hicks 0-0: Ball
1-0: Reached on error, E6 (Groundball, 6)
Batting: LHB John Doyle 0-0: Ball
1-0: Ball
2-0: Ball
3-0: Called Strike
3-1: Swinging Strike
3-2: Foul Ball, location: 2F
3-2: Foul Ball, location: 2F
3-2: Base on Balls
Batting: RHB Noel Livingston 0-0: Foul Ball, location: 2F
0-1: Foul Ball, location: 2F
0-2: Ball
1-2: Ball
2-2: Foul Ball, location: 2F
2-2: Foul Ball, location: 2F
2-2: Fly out, F9 (Flyball, 9M)
Bottom of the 2nd over - 0 run(s), 0 hit(s), 1 error(s), 2 left on base; Phoenix 0 - Bloomington 0
TOP OF THE 3RD
Phoenix Hotspur Reserves batting - Pitching for Bloomington Longnecks : RHP Graham Wilson
Batting: SHB Edgar Cantú 0-0: Ball
1-0: Swinging Strike
1-1: Ball
2-1: Ground out 1-3 (Groundball, 23)
Batting: RHB Ben Anderson 0-0: Ball
1-0: Fly out, F8 (Line Drive, 8RM)
Batting: SHB John Jenkins 0-0: Ball
1-0: Ball
2-0: Called Strike
2-1: Ball
3-1: DOUBLE (Line Drive, 9LM)
Batting: SHB Roberto López 0-0: Called Strike
0-1: Ball
1-1: Ball
2-1: Ball
3-1: Base on Balls
Batting: RHB Phil Terry 0-0: Called Strike
0-1: Swinging Strike
0-2: Foul Ball, location: 2F
0-2: Foul Ball, location: 2F
0-2: Foul Ball, location: 2F
0-2: Ball
1-2: Fly out, F9 (Flyball, 9LM)
Top of the 3rd over - 0 run(s), 1 hit(s), 0 error(s), 2 left on base; Phoenix 0 - Bloomington 0
BOTTOM OF THE 3RD
Bloomington Longnecks batting - Pitching for Phoenix Hotspur Reserves : RHP Jim Unknown
Batting: RHB Darrell Terwey 0-0: Called Strike
0-1: SOLO HOME RUN (Line Drive, 78XD), Distance : 400 ft
Batting: LHB Ismael Dolit 0-0: Called Strike
0-1: SINGLE (Groundball, 6M)
Batting: RHB Cliff May 0-0: DOUBLE (Flyball, 9LM)
Ismael Dolit to third
Batting: SHB Jared Jefferson 0-0: Called Strike
0-1: Ground out 4-3 (Groundball, 34)
Ismael Dolit scores
Cliff May to third
Batting: RHB Kyle Bridges 0-0: Ball
1-0: Ball
2-0: Called Strike
2-1: Ball
3-1: Foul Ball, location: 2F
3-2: Foul Ball, location: 2F
3-2: Base on Balls
Batting: RHB Lawrence Olsen 0-0: Ball
1-0: Ball
Wild Pitch!
Cliff May scores
Kyle Bridges to second
2-0: Ground out 4-3 (Groundball, 4)
Kyle Bridges to third
Batting: RHB Michael Hicks 0-0: Called Strike
0-1: SINGLE (Groundball, 6MD)
Kyle Bridges scores
Batting: LHB John Doyle 0-0: Called Strike
0-1: Ball
1-1: DOUBLE (Groundball, 5L)
Michael Hicks to third
Runner from 3rd tries for Home, SAFE, no throw or cutoff
Batting: RHB Noel Livingston 0-0: Ball
1-0: Swinging Strike
1-1: Ball
2-1: Foul Ball, location: 2F
2-2: Fly out, F6 (Line Drive, 6)
Bottom of the 3rd over - 5 run(s), 5 hit(s), 0 error(s), 1 left on base; Phoenix 0 - Bloomington 5
TOP OF THE 4TH
Phoenix Hotspur Reserves batting - Pitching for Bloomington Longnecks : RHP Graham Wilson
Batting: RHB Martín Martínez 0-0: SINGLE (Line Drive, 89S)
Batting: LHB Ricardo Miranda 0-0: Foul Ball, location: 2F
0-1: Swinging Strike
0-2: Ball
1-2: Strikes out swinging
Batting: RHB António Ramos 0-0: Swinging Strike
0-1: Fly out, F8 (Flyball, 8RD)
Batting: LHB Dave Wynn 0-0: SINGLE (Groundball, 34D)
Martín Martínez to second
Runner from 2nd tries for 3rd, SAFE, throw made to third
Batting: SHB Edgar Cantú 0-0: Called Strike
0-1: Fly out, F7 (Flyball, 7LMF)
Top of the 4th over - 0 run(s), 2 hit(s), 0 error(s), 2 left on base; Phoenix 0 - Bloomington 5
BOTTOM OF THE 4TH
Bloomington Longnecks batting - Pitching for Phoenix Hotspur Reserves : RHP Jim Unknown
Batting: RHB Darrell Terwey 0-0: Ball
1-0: Ball
2-0: Called Strike
2-1: Swinging Strike
2-2: Fly out, F7 (Line Drive, 7M)
Batting: LHB Ismael Dolit 0-0: Called Strike
0-1: Ball
1-1: Foul Ball, location: 2F
1-2: Foul Ball, location: 2F
1-2: Ball
2-2: Fly out, F9 (Flyball, 9M)
Batting: RHB Cliff May 0-0: Ball
1-0: Foul Ball, location: 2F
1-1: Foul Ball, location: 2F
1-2: Foul Ball, location: 2F
1-2: Ball
2-2: Strikes out looking
Bottom of the 4th over - 0 run(s), 0 hit(s), 0 error(s), 0 left on base; Phoenix 0 - Bloomington 5
TOP OF THE 5TH
Phoenix Hotspur Reserves batting - Pitching for Bloomington Longnecks : RHP Graham Wilson
Batting: RHB Ben Anderson 0-0: Ball
1-0: Foul Ball, location: 2F
1-1: DOUBLE (Line Drive, 3D)
Batting: SHB John Jenkins 0-0: Called Strike
0-1: Ball
1-1: Ground out 6-3 (Groundball, 6)
Ben Anderson to third
Batting: SHB Roberto López 0-0: Ball
1-0: Ball
2-0: Foul Ball, location: 2F
2-1: Foul Ball, location: 2F
2-2: Strikes out looking
Batting: RHB Phil Terry 0-0: Fly out, F4 (Popup, 3D)
Top of the 5th over - 0 run(s), 1 hit(s), 0 error(s), 1 left on base; Phoenix 0 - Bloomington 5
BOTTOM OF THE 5TH
Bloomington Longnecks batting - Pitching for Phoenix Hotspur Reserves : RHP Jim Unknown
Batting: SHB Jared Jefferson 0-0: Ball
1-0: Ball
2-0: Foul Ball, location: 2F
2-1: Ball
3-1: Swinging Strike
3-2: Fly out, F7 (Flyball, 78D)
Batting: RHB Kyle Bridges 0-0: Called Strike
0-1: Ball
1-1: Ball
2-1: Foul Ball, location: 2F
2-2: Ball
3-2: Foul Ball, location: 2F
3-2: Ground out 5-3 (Groundball, 5)
Batting: RHB Lawrence Olsen 0-0: SINGLE (Groundball, 3D)
Batting: RHB Michael Hicks 0-0: Ball
1-0: Ball
2-0: Ground out 5-3 (Groundball, 56)
Bottom of the 5th over - 0 run(s), 1 hit(s), 0 error(s), 1 left on base; Phoenix 0 - Bloomington 5
TOP OF THE 6TH
Phoenix Hotspur Reserves batting - Pitching for Bloomington Longnecks : RHP Graham Wilson
Batting: RHB Martín Martínez 0-0: Ball
1-0: Fly out, F7 (Line Drive, 7S)
Batting: LHB Ricardo Miranda 0-0: Called Strike
0-1: Ball
1-1: Ball
2-1: Ground out 4-3 (Groundball, 34)
Batting: RHB António Ramos 0-0: Ball
1-0: Ball
2-0: Ball
3-0: Base on Balls
Batting: LHB Dave Wynn 0-0: Called Strike
0-1: Foul Ball, location: 2F
0-2: Strikes out swinging
Top of the 6th over - 0 run(s), 0 hit(s), 0 error(s), 1 left on base; Phoenix 0 - Bloomington 5
BOTTOM OF THE 6TH
Bloomington Longnecks batting - Pitching for Phoenix Hotspur Reserves : RHP Jim Unknown
Batting: LHB John Doyle 0-0: Called Strike
0-1: SOLO HOME RUN (Flyball, 9D), Distance : 338 ft
Pitching: RHP Iván Cordero
Batting: RHB Noel Livingston 0-0: Ball
1-0: Ball
2-0: Swinging Strike
2-1: Foul Ball, location: 2F
2-2: Foul Ball, location: 2F
2-2: Ball
3-2: SINGLE (Line Drive, 6MD)
Batting: RHB Darrell Terwey 0-0: Sac Bunt - play at first, batter OUT! 5-4
Noel Livingston to second
Batting: LHB Ismael Dolit 0-0: Ball
1-0: Ball
2-0: Swinging Strike
2-1: Foul Ball, location: 2F
2-2: Ground out 4-3 (Groundball, 4)
Noel Livingston to third
Batting: RHB Cliff May 0-0: Ball
1-0: Called Strike
1-1: Ball
2-1: Called Strike
2-2: Foul Ball, location: 2F
2-2: Strikes out swinging
Bottom of the 6th over - 1 run(s), 2 hit(s), 0 error(s), 1 left on base; Phoenix 0 - Bloomington 6
TOP OF THE 7TH
Phoenix Hotspur Reserves batting - Pitching for Bloomington Longnecks : RHP Graham Wilson
Batting: SHB Edgar Cantú 0-0: SINGLE (Line Drive, 7LS)
Batting: RHB Ben Anderson 0-0: Foul Ball, location: 2F
0-1: Ball
1-1: Foul Ball, location: 2F
1-2: Ball
2-2: Foul Ball, location: 2F
2-2: Foul Ball, location: 2F
2-2: Ground out 4-3 (Groundball, 4M)
Edgar Cantú to second
Batting: SHB John Jenkins 0-0: Called Strike
0-1: Fly out, F8 (Flyball, 8LD)
Runner from 2nd tags up, SAFE at 3rd, no throw
Batting: SHB Roberto López 0-0: Ball
1-0: Ball
2-0: Ground out 6-3 (Groundball, 6)
Top of the 7th over - 0 run(s), 1 hit(s), 0 error(s), 1 left on base; Phoenix 0 - Bloomington 6
BOTTOM OF THE 7TH
Bloomington Longnecks batting - Pitching for Phoenix Hotspur Reserves : RHP Iván Cordero
Batting: SHB Jared Jefferson 0-0: SOLO HOME RUN (Flyball, 9LD), Distance : 347 ft
Batting: RHB Kyle Bridges 0-0: Called Strike
0-1: Ball
1-1: Foul Ball, location: 2F
1-2: Strikes out swinging
Batting: RHB Lawrence Olsen 0-0: Ball
1-0: Called Strike
1-1: Ball
2-1: Ball
3-1: Base on Balls
Batting: RHB Michael Hicks 0-0: Ball
1-0: Ball
2-0: Swinging Strike
2-1: Fly out, F6 (Popup, 5F)
Batting: LHB John Doyle 0-0: Foul Ball, location: 2F
0-1: Called Strike
0-2: Ball
1-2: Ground out 4-3 (Groundball, 34)
Bottom of the 7th over - 1 run(s), 1 hit(s), 0 error(s), 1 left on base; Phoenix 0 - Bloomington 7
TOP OF THE 8TH
Phoenix Hotspur Reserves batting - Pitching for Bloomington Longnecks : RHP Graham Wilson
Now in RF: Todd Cisneros
Batting: RHB Phil Terry 0-0: Ground out 5-3 (Groundball, 5S)
Pinch Hitting: LHB Earl Ellis 0-0: Called Strike
0-1: Swinging Strike
0-2: Strikes out swinging
Batting: LHB Ricardo Miranda 0-0: Ball
1-0: Foul Ball, location: 2F
1-1: Ball
2-1: Foul Ball, location: 2F
2-2: Ground out U3 (Groundball, 3S)
Top of the 8th over - 0 run(s), 0 hit(s), 0 error(s), 0 left on base; Phoenix 0 - Bloomington 7
BOTTOM OF THE 8TH
Bloomington Longnecks batting - Pitching for Phoenix Hotspur Reserves : RHP Iván Cordero
Pitching: RHP Doug Sand
Now in LF: Earl Ellis
Batting: RHB Noel Livingston 0-0: Ball
1-0: Called Strike
1-1: Ground out 5-3 (Groundball, 56)
Batting: RHB Darrell Terwey 0-0: Fly out, F8 (Flyball, 8RM)
Batting: LHB Ismael Dolit 0-0: Called Strike
0-1: Foul Ball, location: 2F
0-2: SINGLE (Groundball, 34)
Batting: RHB Cliff May 0-0: Called Strike
0-1: Fly out, F8 (Line Drive, 8LM)
Bottom of the 8th over - 0 run(s), 1 hit(s), 0 error(s), 1 left on base; Phoenix 0 - Bloomington 7
TOP OF THE 9TH
Phoenix Hotspur Reserves batting - Pitching for Bloomington Longnecks : RHP Graham Wilson
Batting: RHB António Ramos 0-0: Called Strike
0-1: Ball
1-1: Foul Ball, location: 2F
1-2: Foul Ball, location: 2F
1-2: Ball
2-2: Ball
3-2: Strikes out swinging
Batting: LHB Dave Wynn 0-0: Ball
1-0: Ball
2-0: Ball
3-0: Base on Balls
Batting: SHB Edgar Cantú 0-0: Ball
1-0: Ball
2-0: Called Strike
2-1: Called Strike
2-2: Strikes out swinging
Batting: RHB Ben Anderson 0-0: Ball
1-0: Called Strike
1-1: Ball
2-1: Ball
3-1: Foul Ball, location: 2F
3-2: Fly out, F8 (Flyball, 8LM)
Top of the 9th over - 0 run(s), 0 hit(s), 0 error(s), 1 left on base; Phoenix 0 - Bloomington 7
This league is powered by Out of the Park Baseball, the baseball management simulation game for PC, Mac and Linux
Friday, January 22nd, 2016 - OOTP Baseball 16.9 Build 39